 Dungeon Crawl Stone Soup version 0.10.4 character file.

251 Gauvater the Sneak (level 3, -2/18 HPs)
             Began as a Spriggan Assassin on Jan 13, 2021.
             Slain by a crimson imp
             ... wielding a +2,+1 short sword
              (3 damage)
             ... on Level 3 of the Dungeon.
             The game lasted 00:11:53 (2517 turns).

Gauvater the Sneak (Spriggan Assassin)              Turns: 2517, Time: 00:11:53

HP  -2/18        AC  3     Str  7      XL: 3   Next: 69%
MP   5/5         EV 18     Int 12      God:
Gold 200         SH  0     Dex 18      Spells:  0 memorised,  2 levels left

Res.Fire  : . . .   See Invis. : +   o - +1 dwarf short sword
Res.Cold  : . . .   Warding    : . . c - +0 robe
Life Prot.: . . .   Conserve   : .   (shield restricted)
Res.Acid. : . . .   Res.Corr.  : .   (helmet restricted)
Res.Poison: .       Clarity    : .   d - +0 cloak
Res.Elec. : .       Spirit.Shd : .   (gloves unavailable)
Sust.Abil.: . .     Stasis     : .   (boots unavailable)
Res.Mut.  : .       Ctrl.Telep.: .   (no amulet)
Res.Rott. : .       Levitation : .   (no ring)
Saprovore : . . .   Ctrl.Flight: .   (no ring)

@: very quick, slightly resistant to hostile enchantments, quite stealthy
A: unfitting armour, see invisible, herbivore 3, speed 3, slow metabolism 3
a: no special abilities


You were on level 3 of the Dungeon.
You were not hungry.

You visited 1 branch of the dungeon, and saw 3 of its levels.

You collected 150 gold pieces.

Inventory:

Hand weapons
 a - a +2,+2 dagger {=f}
 b - a +0 blowgun
 o - a +1,+1 dwarven short sword (weapon)
 D - a +0,+0 sling
Missiles
 e - 10 poisoned +0 needles
 f - 3 curare-tipped +0 needles
 n - 20 +0 darts (quivered)
 u - 24 +2 arrows
 x - 7 steel +0 darts
 B - 32 +0 sling bullets
Armour
 c - a +0 robe (worn)
 d - a +0 cloak (worn)
Magical devices
 E - a wand of teleportation (2) {unknown}
Comestibles
 p - 3 bread rations
 t - a pear
Scrolls
 l - a scroll of enchant weapon II {unknown}
 r - a scroll of fog {unknown}
 s - a scroll of remove curse {unknown}
 w - a scroll of detect curse {unknown}
 y - 2 scrolls of identify {unknown}
 A - a scroll of enchant armour {unknown}
 C - a scroll of amnesia {unknown}
 H - a scroll of blinking {unknown}
Jewellery
 F - an uncursed ring of magical power {unknown}
Potions
 g - a potion of porridge
 i - a potion of resistance {unknown}
 j - a potion of invisibility {unknown}
 k - a potion of restore abilities {unknown}
 m - a potion of brilliance {unknown}
 q - a potion of magic {unknown}
 v - a potion of heal wounds {unknown}
 z - a potion of agility {unknown}
 G - a potion of gain dexterity {unknown}


   Skills:
 + Level 1.6 Fighting
 + Level 2.5 Short Blades
 + Level 2.8 Throwing
 + Level 2.8 Dodging
 + Level 5.1 Stealth
 + Level 4.8 Stabbing
 + Level 1.4 Traps & Doors


You had 2 spell levels left.
You didn't know any spells.

Dungeon Overview and Level Annotations

Branches:
Dungeon (3/27)

Altars:

Annotations
D:3 goldorilmagnifico's ghost, average HuFi


Innate Abilities, Weirdness & Mutations

You are tiny and cannot use many weapons and most armour.
You have supernaturally acute eyesight.
You are a herbivore.
You cover ground extremely quickly.
You need consume almost no food.


Message History

The crimson imp is lightly wounded.
The crimson imp grins evilly.
The crimson imp hits you with a short sword.
* * * LOW HITPOINT WARNING * * *
You hit the crimson imp.
The crimson imp is moderately wounded.
The crimson imp blinks!
You see here a +0 dart.
The crimson imp hits you but does no damage.
You closely miss the crimson imp. The crimson imp barely misses you.
You hit the crimson imp.
The crimson imp is moderately wounded.
The crimson imp hits you with a short sword.
* * * LOW HITPOINT WARNING * * *
You hit the crimson imp.
The crimson imp is heavily wounded.
You closely miss the crimson imp.
The crimson imp is heavily wounded.
The crimson imp hits you with a short sword.
You die...

'#### ###.########
....### #..........#
....'.###..........#
....#..............#
....#####..(.......#
....# #..((..(.%%#
....# #.(..(.(((<#
....# #...(......#
##### #......5@.)# #
#######...## .
#####^### #+###
#.......# ....#
#.......# ....#
#.......#
.(..#######....[..#
....'.....#.......#
....#####.........#


You could see a crimson imp.

Vanquished Creatures
  An adder (D:3)
  A giant gecko (D:3)
  An ooze (D:1)
  2 orcs (D:3)
  A ball python (D:1)
  4 bats
  2 giant cockroaches
  6 goblins
  2 hobgoblins
  3 jackals (D:3)
  9 giant newts
  4 kobolds
  2 rats (D:2)
38 creatures vanquished.

Vanquished Creatures (others)
  10 toadstools
10 creatures vanquished.

Grand Total: 48 creatures vanquished

Notes
Turn   | Place    | Note
--------------------------------------------------------------
     0 | D:1      | Gauvater, the Spriggan Assassin, began the quest for the Orb.
     0 | D:1      | Reached XP level 1. HP: 10/10 MP: 1/1
   373 | D:1      | Reached XP level 2. HP: 9/14 MP: 3/3
  1014 | D:3      | Reached skill level 5 in Stealth
  1056 | D:3      | Reached XP level 3. HP: 9/18 MP: 5/5
  1111 | D:3      | Reached skill level 1 in Traps & Doors
  1870 | D:3      | Noticed goldorilmagnifico's ghost (average HuFi)
  2517 | D:3      | Slain by a crimson imp
